PIO (24 & UNDER)
JASPER COUGARS @ SEATTLE RAINIERS
09/02/2028
 
TOP OF THE 1ST
Jasper Cougars batting - Pitching for Seattle Rainiers : RHP Raúl Salsa
Pitching: RHP Raúl Salsa
Batting: LHB Darren Holland 0-0: Called Strike
0-1: Ball
1-1: Called Strike
1-2: DOUBLE (Line Drive, 5D)
Batting: RHB Jorge Romero 0-0: Called Strike
0-1: Reached on error, E3 (Groundball, 34)
Darren Holland to third
Batting: LHB Jon Rogers 0-0: Ball
1-0: Called Strike
1-1: Reached on error, E1 (Groundball, 15S)
Darren Holland scores
Jorge Romero to second
Batting: LHB John Stone 0-0: Ball
1-0: SINGLE (Flyball, 78S)
Jorge Romero to third
Jon Rogers to second
Batting: RHB Juan Carlos 0-0: SINGLE (Groundball, 6MD)
Jorge Romero scores
Jon Rogers to third
John Stone to second
Runner from 3rd tries for Home, SAFE, no throw
Batting: RHB José Maldonado 0-0: Called Strike
John Stone is caught stealing 3rd base
Juan Carlos to second
0-1: Swinging Strike
0-2: Ground out 4-3 (Groundball, 4)
Juan Carlos to third
Batting: SHB Michael Miller 0-0: Foul Ball, location: 2F
0-1: Foul Ball, location: 2F
0-2: Ball
1-2: Reached on error, E3 (Groundball, 34)
Juan Carlos scores
Batting: SHB Kel Davis 0-0: Called Strike
0-1: Ball
1-1: Ball
2-1: SINGLE (Flyball, 9LS)
Michael Miller to second
Runner from 2nd tries for 3rd, SAFE, throw made to third
Batting: RHB Scott McGuire 0-0: Called Strike
0-1: Ball
1-1: Ball
2-1: Foul Ball, location: 2F
2-2: Strikes out swinging
Top of the 1st over - 4 run(s), 4 hit(s), 3 error(s), 2 left on base; Jasper 4 - Seattle 0
BOTTOM OF THE 1ST
Seattle Rainiers batting - Pitching for Jasper Cougars : RHP Francisco Pagán
Pitching: RHP Francisco Pagán
Batting: RHB Juan Bruno 0-0: Foul Ball, location: 2F
0-1: Ball
1-1: Swinging Strike
1-2: Ball
2-2: Strikes out looking
Batting: RHB Juan Hernández 0-0: Called Strike
0-1: Ball
1-1: Ball
2-1: Ball
3-1: Base on Balls
Batting: RHB Jesús Ortíz 0-0: Ball
1-0: Ball
2-0: Called Strike
2-1: Fly out, F9 (Flyball, 9)
Batting: RHB Steve Smith 0-0: Called Strike
0-1: Ball
1-1: Swinging Strike
1-2: Ball
2-2: Foul Ball, location: 2F
2-2: Ball
Juan Hernández steals 2nd base
3-2: Strikes out swinging
Bottom of the 1st over - 0 run(s), 0 hit(s), 0 error(s), 1 left on base; Jasper 4 - Seattle 0
TOP OF THE 2ND
Jasper Cougars batting - Pitching for Seattle Rainiers : RHP Raúl Salsa
Batting: LHB Darren Holland 0-0: Ball
1-0: Ball
2-0: Foul Ball, location: 2F
2-1: Ball
3-1: Swinging Strike
3-2: Base on Balls
Batting: RHB Jorge Romero 0-0: Ball
1-0: Foul Ball, location: 2F
1-1: Called Strike
1-2: Ball
2-2: Foul Ball, location: 2F
2-2: Foul Ball, location: 2F
2-2: Foul Ball, location: 2F
2-2: Fielders Choice at 2nd, 6-4 (Groundball, 6M)
Batting: LHB Jon Rogers 0-0: Ball
1-0: Ball
Jorge Romero is caught stealing 2nd base
2-0: Ball
3-0: Called Strike
3-1: Fly out, F8 (Flyball, 8RD)
Top of the 2nd over - 0 run(s), 0 hit(s), 0 error(s), 0 left on base; Jasper 4 - Seattle 0
BOTTOM OF THE 2ND
Seattle Rainiers batting - Pitching for Jasper Cougars : RHP Francisco Pagán
Batting: RHB Roberto Casas 0-0: Swinging Strike
0-1: Ball
1-1: Ball
2-1: Ball
3-1: Called Strike
3-2: Foul Ball, location: 2F
3-2: Strikes out looking
Batting: SHB Troy Holland 0-0: Called Strike
0-1: Ball
1-1: Ball
2-1: Ball
3-1: Swinging Strike
3-2: Strikes out swinging
Batting: RHB John Eaves 0-0: SINGLE (Groundball, 56D)
Batting: RHB Lionel Pona 0-0: SINGLE (Groundball, 56D)
John Eaves to second
Batting: SHB Dwight Hill 0-0: Ball
1-0: Swinging Strike
1-1: Ball
2-1: Swinging Strike
2-2: Strikes out swinging passed ball, reaches first!
John Eaves to third
Lionel Pona to second
Batting: RHB Juan Bruno 0-0: Called Strike
0-1: Ball
1-1: Called Strike
1-2: Foul Ball, location: 2F
1-2: Strikes out swinging
Bottom of the 2nd over - 0 run(s), 2 hit(s), 0 error(s), 3 left on base; Jasper 4 - Seattle 0
TOP OF THE 3RD
Jasper Cougars batting - Pitching for Seattle Rainiers : RHP Raúl Salsa
Batting: LHB John Stone 0-0: Called Strike
0-1: Ball
1-1: Foul Ball, location: 2F
1-2: Ball
2-2: Ground out 4-3 (Groundball, 34)
Batting: RHB Juan Carlos 0-0: Called Strike
0-1: Ball
1-1: Swinging Strike
1-2: Ball
2-2: Strikes out swinging
Batting: RHB José Maldonado 0-0: Called Strike
0-1: Ball
1-1: Foul Ball, location: 2F
1-2: Ball
2-2: Foul Ball, location: 2F
2-2: Ball
3-2: Strikes out swinging
Top of the 3rd over - 0 run(s), 0 hit(s), 0 error(s), 0 left on base; Jasper 4 - Seattle 0
BOTTOM OF THE 3RD
Seattle Rainiers batting - Pitching for Jasper Cougars : RHP Francisco Pagán
Batting: RHB Juan Hernández 0-0: Ball
1-0: Ball
2-0: Foul Ball, location: 2F
2-1: SINGLE (Line Drive, 7LS)
Batting: RHB Jesús Ortíz 0-0: Called Strike
0-1: Ball
1-1: Ball
2-1: SINGLE (Flyball, 89S)
Juan Hernández to second
Runner from 2nd tries for 3rd, SAFE, throw made to third
Batting: RHB Steve Smith 0-0: Called Strike
Jesús Ortíz steals 2nd base
0-1: Ball
1-1: Foul Ball, location: 2F
1-2: SINGLE (Groundball, 6MD)
Juan Hernández scores
Jesús Ortíz to third
Batting: RHB Roberto Casas 0-0: Foul Ball, location: 2F
0-1: 3-RUN HOME RUN (Flyball, 7D), Distance : 399 ft
Batting: SHB Troy Holland 0-0: Ball
1-0: Called Strike
1-1: Ball
2-1: Ball
3-1: Called Strike
3-2: SINGLE (Groundball, 6D)
Batting: RHB John Eaves 0-0: Ball
1-0: Called Strike
Troy Holland steals 2nd base
1-1: SINGLE (Groundball, 34D)
Troy Holland to third
Runner from 3rd tries for Home, SAFE, no throw
Pitching: RHP António Peńa
Batting: RHB Lionel Pona 0-0: Swinging Strike
0-1: Foul Ball, location: 2F
0-2: Ball
1-2: Foul Ball, location: 2F
1-2: Foul Ball, location: 2F
1-2: Ball
2-2: Strikes out swinging
Batting: SHB Dwight Hill 0-0: Foul Ball, location: 2F
0-1: Swinging Strike
0-2: Strikes out swinging
Batting: RHB Juan Bruno 0-0: Foul Ball, location: 2F
0-1: Fly out, F4 (Line Drive, 4)
Bottom of the 3rd over - 5 run(s), 6 hit(s), 0 error(s), 1 left on base; Jasper 4 - Seattle 5
TOP OF THE 4TH
Jasper Cougars batting - Pitching for Seattle Rainiers : RHP Raúl Salsa
Batting: SHB Michael Miller 0-0: Called Strike
0-1: Called Strike
0-2: Foul Ball, location: 2F
0-2: SINGLE (Flyball, 7LS)
Batting: SHB Kel Davis 0-0: Called Strike
0-1: Swinging Strike
0-2: Foul Ball, location: 2F
0-2: Ball
1-2: Ball
2-2: Strikes out looking
Batting: RHB Scott McGuire 0-0: Ball
Throwing error on steal attempt, E2
Michael Miller to third
1-0: Foul Ball, location: 2F
1-1: Ball
2-1: Foul Ball, location: 2F
2-2: Foul Ball, location: 2F
2-2: Ball
3-2: Foul Ball, location: 2F
3-2: Foul Ball, location: 2F
3-2: Fly out, F3 (Line Drive, 34)
Batting: LHB Darren Holland 0-0: Ball
1-0: Ball
2-0: Foul Ball, location: 2F
2-1: Ball
3-1: Foul Ball, location: 2F
3-2: Ground out 6-3 (Groundball, 6)
Top of the 4th over - 0 run(s), 1 hit(s), 1 error(s), 1 left on base; Jasper 4 - Seattle 5
BOTTOM OF THE 4TH
Seattle Rainiers batting - Pitching for Jasper Cougars : RHP António Peńa
Batting: RHB Juan Hernández 0-0: Ball
1-0: Fly out, F8 (Flyball, 89M)
Batting: RHB Jesús Ortíz 0-0: Called Strike
0-1: Fly out, F8 (Flyball, 8RM)
Batting: RHB Steve Smith 0-0: Ground out 1-3 (Groundball, 13)
Bottom of the 4th over - 0 run(s), 0 hit(s), 0 error(s), 0 left on base; Jasper 4 - Seattle 5
TOP OF THE 5TH
Jasper Cougars batting - Pitching for Seattle Rainiers : RHP Raúl Salsa
Pitching: RHP José Rivera
Batting: RHB Jorge Romero 0-0: Ball
1-0: Ball
2-0: Swinging Strike
2-1: Ball
3-1: Base on Balls
Batting: LHB Jon Rogers 0-0: Ball
1-0: SINGLE (Groundball, 3) (infield hit)
Jorge Romero to second
Batting: LHB John Stone 0-0: Called Strike
0-1: Swinging Strike
0-2: Foul Ball, location: 2F
0-2: Strikes out looking
Batting: RHB Juan Carlos 0-0: Grounds into double play, 4-6-3 (Groundball, 4)
Top of the 5th over - 0 run(s), 1 hit(s), 0 error(s), 1 left on base; Jasper 4 - Seattle 5
BOTTOM OF THE 5TH
Seattle Rainiers batting - Pitching for Jasper Cougars : RHP António Peńa
Batting: RHB Roberto Casas 0-0: Ball
1-0: Called Strike
1-1: Ball
2-1: Fly out, F2 (Popup, 56S)
Batting: SHB Troy Holland 0-0: Fly out, F3 (Line Drive, 3)
Batting: RHB John Eaves 0-0: SINGLE (Groundball, 13S) (infield hit)
Batting: RHB Lionel Pona 0-0: Ball
1-0: Ground out 1-3 (Groundball, 13S)
Bottom of the 5th over - 0 run(s), 1 hit(s), 0 error(s), 1 left on base; Jasper 4 - Seattle 5
TOP OF THE 6TH
Jasper Cougars batting - Pitching for Seattle Rainiers : RHP José Rivera
Batting: RHB José Maldonado 0-0: Called Strike
0-1: Ground out U3 (Groundball, 34S)
Batting: SHB Michael Miller 0-0: Swinging Strike
0-1: SOLO HOME RUN (Flyball, 7D), Distance : 401 ft
Batting: SHB Kel Davis 0-0: Called Strike
0-1: Foul Ball, location: 2F
0-2: Ball
1-2: Strikes out looking
Batting: RHB Scott McGuire 0-0: Ball
1-0: Ball
2-0: Ball
3-0: Called Strike
3-1: Base on Balls
Pinch Runner at 1st Lonnie Washington:
Batting: LHB Darren Holland 0-0: Called Strike
0-1: Ball
1-1: Ball
2-1: Foul Ball, location: 2F
2-2: Ball
3-2: Ground out 5-3 (Groundball, 56S)
Top of the 6th over - 1 run(s), 1 hit(s), 0 error(s), 1 left on base; Jasper 5 - Seattle 5
BOTTOM OF THE 6TH
Seattle Rainiers batting - Pitching for Jasper Cougars : RHP António Peńa
Now at 1B: Lonnie Washington
Batting: SHB Dwight Hill 0-0: Called Strike
0-1: Foul Ball, location: 2F
0-2: Strikes out swinging
Batting: RHB Juan Bruno 0-0: Ball
1-0: Ball
2-0: Called Strike
2-1: Foul Ball, location: 2F
2-2: Ball
3-2: Foul Ball, location: 2F
3-2: Strikes out swinging
Batting: RHB Juan Hernández 0-0: Ball
1-0: Called Strike
1-1: Swinging Strike
1-2: Strikes out looking
Bottom of the 6th over - 0 run(s), 0 hit(s), 0 error(s), 0 left on base; Jasper 5 - Seattle 5
TOP OF THE 7TH
Jasper Cougars batting - Pitching for Seattle Rainiers : RHP José Rivera
Pinch Hitting: RHB Ben Wilson 0-0: Called Strike
0-1: Foul Ball, location: 2F
0-2: Ground out 4-3 (Groundball, 4)
Batting: LHB Jon Rogers 0-0: Foul Ball, location: 2F
0-1: Ball
1-1: Ball
2-1: Ball
3-1: Foul Ball, location: 2F
3-2: SINGLE (Flyball, 7S)
Batting: LHB John Stone 0-0: Fly out, F8 (Flyball, 8LM)
Batting: RHB Juan Carlos 0-0: Ball
1-0: Foul Ball, location: 2F
1-1: Ball
2-1: Ball
Jon Rogers steals 2nd base
3-1: Fly out, F8 (Flyball, 8RD)
Top of the 7th over - 0 run(s), 1 hit(s), 0 error(s), 1 left on base; Jasper 5 - Seattle 5
BOTTOM OF THE 7TH
Seattle Rainiers batting - Pitching for Jasper Cougars : RHP António Peńa
Now at 2B: Bob Cole
Batting: RHB Jesús Ortíz 0-0: Called Strike
0-1: Called Strike
0-2: Strikes out swinging wild pitch, reaches first!
Pinch Hitting: LHB Darren Cook 0-0: Called Strike
0-1: Ball
1-1: Swinging Strike
1-2: Strikes out looking
Pinch Hitting: LHB Duane Lemay 0-0: Grounds into double play, 6-4-3 (Groundball, 6M)
Bottom of the 7th over - 0 run(s), 0 hit(s), 0 error(s), 0 left on base; Jasper 5 - Seattle 5
TOP OF THE 8TH
Jasper Cougars batting - Pitching for Seattle Rainiers : RHP José Rivera
Now at 2B: Darren Cook
Now in RF: Duane Lemay
Batting: RHB José Maldonado 0-0: Fly out, F8 (Flyball, 8RM)
Batting: SHB Michael Miller 0-0: Foul Ball, location: 2F
0-1: Ball
1-1: Ball
2-1: Ground out 4-3 (Groundball, 4)
Pinch Hitting: RHB Andrew Weatherly 0-0: Ball
1-0: Foul Ball, location: 2F
1-1: Ball
2-1: Ball
3-1: Base on Balls
Pitching: LHP Júlio Parra
Batting: SHB Lonnie Washington 0-0: Ball
1-0: Called Strike
1-1: Fielders Choice at 2nd, 6-4 (Groundball, 6)
Top of the 8th over - 0 run(s), 0 hit(s), 0 error(s), 0 left on base; Jasper 5 - Seattle 5
BOTTOM OF THE 8TH
Seattle Rainiers batting - Pitching for Jasper Cougars : RHP António Peńa
Now at 3B: Charles Lewis
Pinch Hitting: RHB Richie Sawyer 0-0: DOUBLE (Line Drive, 8LD)
Pitching: LHP Edgardo Reyes
Batting: RHB John Eaves 0-0: Ball
1-0: Called Strike
1-1: Called Strike
1-2: Strikes out swinging
Batting: RHB Lionel Pona 0-0: Intentional Walk
Pinch Runner at 2nd Roger Lamb:
Pinch Hitting: RHB Mike Russell 0-0: Called Strike
0-1: Called Strike
0-2: Ball
1-2: SINGLE (Groundball, 25) (infield hit)
Roger Lamb to third
Lionel Pona to second
Batting: RHB Juan Bruno 0-0: Foul Ball, location: 2F
0-1: Foul Ball, location: 2F
0-2: Foul Ball, location: 2F
0-2: Ball
1-2: Strikes out swinging
Batting: RHB Juan Hernández 0-0: Ball
1-0: Swinging Strike
1-1: Swinging Strike
1-2: Ball
2-2: Strikes out swinging
Bottom of the 8th over - 0 run(s), 2 hit(s), 0 error(s), 3 left on base; Jasper 5 - Seattle 5
TOP OF THE 9TH
Jasper Cougars batting - Pitching for Seattle Rainiers : LHP Júlio Parra
Pitching: LHP Vicente Mojica
Now at 1B: Mike Russell
Now at SS: Roger Lamb
Batting: LHB Darren Holland 0-0: Called Strike
0-1: Ball
1-1: DOUBLE (Line Drive, 9LM)
Batting: RHB Bob Cole 0-0: Intentional Walk
Batting: LHB Jon Rogers 0-0: Called Strike
0-1: Called Strike
0-2: Ball
1-2: Ball
2-2: Foul Ball, location: 2F
2-2: Ball
3-2: Foul Ball, location: 2F
3-2: Fly out, F5 (Popup, 5S)
Batting: LHB John Stone 0-0: Ball
Darren Holland steals 3rd base
Bob Cole to second
1-0: Ground out 4-3 (Groundball, 34)
Batting: RHB Juan Carlos 0-0: Ball
1-0: Ball
2-0: Called Strike
2-1: Foul Ball, location: 2F
2-2: Fly out, F8 (Flyball, 8RM)
Top of the 9th over - 0 run(s), 1 hit(s), 0 error(s), 2 left on base; Jasper 5 - Seattle 5
BOTTOM OF THE 9TH
Seattle Rainiers batting - Pitching for Jasper Cougars : LHP Edgardo Reyes
Batting: RHB Jesús Ortíz 0-0: Ball
1-0: Swinging Strike
1-1: Foul Ball, location: 2F
1-2: Foul Ball, location: 2F
1-2: Foul Ball, location: 2F
1-2: Strikes out looking
Pinch Hitting: RHB José Rosales 0-0: Called Strike
0-1: Ball
1-1: Foul Ball, location: 2F
1-2: Ball
2-2: Foul Ball, location: 2F
2-2: Ball
3-2: Strikes out swinging
Pinch Hitting: RHB Jeff Lawrence 0-0: Swinging Strike
0-1: Fly out, F8 (Line Drive, 8LD)
Bottom of the 9th over - 0 run(s), 0 hit(s), 0 error(s), 0 left on base; Jasper 5 - Seattle 5
TOP OF THE 10TH
Jasper Cougars batting - Pitching for Seattle Rainiers : LHP Vicente Mojica
Now at 1B: José Rosales
Batting: RHB José Maldonado 0-0: Ball
Now in LF: Jeff Lawrence 1-0: SINGLE (Groundball, 4D)
Batting: SHB Michael Miller 0-0: Bunt missed!
0-1: Ball
1-1: Sac Bunt - play at first, batter OUT! 1-4
José Maldonado to second
Batting: RHB Charles Lewis 0-0: Ball
1-0: Foul Ball, location: 2F
1-1: Ball
2-1: SINGLE (Groundball, 3D)
José Maldonado to third
Runner from 3rd tries for Home, SAFE, no throw
Batting: SHB Lonnie Washington 0-0: Called Strike
Charles Lewis steals 2nd base
0-1: Called Strike
0-2: Ball
1-2: Fly out, F7 (Flyball, 7)
Batting: LHB Darren Holland 0-0: Ball
1-0: Ball
2-0: Ball
3-0: Base on Balls
Pitching: LHP Jeffrey Glass
Batting: RHB Bob Cole 0-0: Ball
1-0: Foul Ball, location: 2F
1-1: Called Strike
1-2: Ball
2-2: Ball
3-2: SINGLE (Groundball, 6D)
Charles Lewis to third
Darren Holland to second
Charles Lewis scores
Darren Holland to third
Batting: LHB Jon Rogers 0-0: Ball
1-0: Foul Ball, location: 2F
1-1: Fly out, F7 (Flyball, 7)
Top of the 10th over - 2 run(s), 3 hit(s), 0 error(s), 2 left on base; Jasper 7 - Seattle 5
BOTTOM OF THE 10TH
Seattle Rainiers batting - Pitching for Jasper Cougars : LHP Edgardo Reyes
Pitching: LHP Teuk-chin Kim
Batting: RHB Roger Lamb 0-0: Called Strike
0-1: Fly out, F9 (Line Drive, 9LM)
Batting: RHB John Eaves 0-0: Foul Ball, location: 2F
0-1: Foul Ball, location: 2F
0-2: Ball
1-2: Ball
2-2: Ball
3-2: Base on Balls
Batting: RHB Lionel Pona 0-0: Called Strike
0-1: Ball
1-1: Foul Ball, location: 2F
1-2: Strikes out looking
Batting: RHB Mike Russell 0-0: Foul Ball, location: 2F
0-1: Foul Ball, location: 2F
0-2: DOUBLE (Flyball, 78XD)
John Eaves to third
Batting: RHB Juan Bruno 0-0: Ball
1-0: Foul Ball, location: 2F
1-1: Ball
2-1: Foul Ball, location: 2F
2-2: Strikes out swinging
Bottom of the 10th over - 0 run(s), 1 hit(s), 0 error(s), 2 left on base; Jasper 7 - Seattle 5
Tuesday, August 8th, 2017 - OOTP Baseball 17.12 Build 75